 Dungeon Crawl Stone Soup version 0.17-a0-1403-g9df874c (webtiles) character file.

8440 Kidiri the Magician (level 11, -18/74 HPs)
             Began as a Demonspawn Fire Elementalist on June 19, 2015.
             Was an Elder of Vehumet.
             Demolished by Nergalle
             ... wielding a +1 dagger of electrocution
              (20 damage)
             ... on level 1 of the Lair of Beasts on June 20, 2015.
             The game lasted 01:49:04 (16262 turns).

Kidiri the Magician (Demonspawn Fire Elementalist) Turns: 16262, Time: 01:49:04

Health: -18/74     AC: 11    Str:  9 (10) XL:     11   Next: 9%
Magic:  0/22       EV: 12    Int: 19      God:    Vehumet [****..]
Gold:   1056       SH:  0    Dex: 15      Spells: 8 memorised, 2 levels left

rFire  + . .     SeeInvis .     q - +3 dagger (drain)
rCold  . . .     Clarity  .     i - +2 leather armour
rNeg   . . .     SustAt   .     (no shield)
rPois  +         Gourm    .     (helmet restricted)
rElec  .         Spirit   +     a - +0 cloak
rCorr  .         Warding  .     (no gloves)
rMut   .         Stasis   .     C - +1 pair of boots
MR     .....                    (no amulet)
Stlth  ++........               (no ring)
                                f - ring of protection from fire

@: very slightly contaminated, heavily drained, invisible, not resistant to
hostile enchantments, unstealthy
A: horns 1, talons 1, molten scales 2, deterioration 1, poison resistance,
powered by death 1, robust 1, strong 1, magic shield, subdued magic 1
a: Renounce Religion


You were on level 1 of the Lair of Beasts.
You worshipped Vehumet.
Vehumet was greatly pleased with you.
You were not hungry.

You visited 3 branches of the dungeon, and saw 14 of its levels.
You also visited: Ossuary.

You collected 1056 gold pieces.

Inventory:

Hand weapons
 q - a +3 dagger of draining (weapon)
Missiles
 e - a throwing net (quivered)
Armour
 a - a +0 cloak (worn)
 i - a +2 leather armour (worn)
 C - a +1 pair of boots (worn)
Jewellery
 d - an uncursed ring of teleportation
 f - a ring of protection from fire (left hand)
Magical devices
 g - a wand of confusion (37)
 k - a wand of polymorph (15)
 r - a wand of frost (23)
 y - a wand of fire (7)
 G - a wand of slowing (15)
Scrolls
 m - 4 scrolls of teleportation
 o - 4 scrolls of remove curse
 s - a scroll of immolation
 u - a scroll of holy word {unknown}
 v - a scroll of fog
 B - 2 scrolls of amnesia
Potions
 c - 4 potions of lignification
 h - 4 potions of curing
 j - 3 potions of agility
 l - 3 potions of brilliance
 w - 2 potions of invisibility
 x - a potion of might
 z - a potion of haste
 D - 3 potions of cure mutation
 F - 2 potions of ambrosia
Books
 b - a book of Flames

   Spells                             Type                      Level
   a - Flame Tongue                   Conjuration/Fire             1
   b - Throw Flame                    Conjuration/Fire             2
   c - Conjure Flame                  Conjuration/Fire             3
   d - Inner Flame                    Hexes/Fire                   3
   e - Sticky Flame                   Conjuration/Fire             4
   f - Fireball                       Conjuration/Fire             5
 A - a book of Unlife

   Spells                             Type                      Level
   a - Recall                         Summoning/Translocation      3
   b - Animate Dead                   Necromancy                   4
   c - Control Undead                 Necromancy                   4
   d - Cigotuvi's Embrace             Necromancy                   5
   e - Death Channel                  Necromancy                   6
   f - Simulacrum                     Ice/Necromancy               6
Comestibles
 n - 2 chunks of flesh
 p - 10 bread rations
 E - 7 fruits


   Skills:
 + Level 6.1(3.9) Armour
 + Level 5.3(3.2) Dodging
 + Level 5.7(3.6) Stealth
 * Level 7.6(5.3) Spellcasting
 + Level 5.6(3.5) Conjurations
 + Level 4.9(2.8) Hexes
 + Level 6.1(4.0) Fire Magic
 + Level 5.6(3.4) Evocations


You had 2 spell levels left.
You knew the following spells:

 Your Spells              Type           Power        Failure   Level  Hunger
a - Flame Tongue          Conj/Fire      ##...        1%          1    None
b - Throw Flame           Conj/Fire      ##....       1%          2    None
c - Conjure Flame         Conj/Fire      ##......     1%          3    ##.....
d - Inner Flame           Hex/Fire       ##......     1%          3    ##.....
e - Sticky Flame          Conj/Fire      ##......     5%          4    ####...
f - Fireball              Conj/Fire      ##........   32%         5    #####..
g - Searing Ray           Conj           ##....       1%          2    None
h - Dazzling Spray        Conj/Hex       ##......     1%          3    ##.....


Dungeon Overview and Level Annotations

Branches:
Dungeon (12/15)            Temple (1/1) D:4            Lair (1/8) D:11
    Orc (0/4) D:9

Altars:
Ashenzari
Cheibriados
Dithmenos
Elyvilon
Fedhas
Gozag
Kikubaaqudgha
Makhleb
Nemelex Xobeh
Okawaru
Qazlal
Ru
Sif Muna
Trog
Vehumet
Xom
Yredelemnul
Zin
The Shining One
Beogh

Shops:
D:5 ?

Annotations:
Lair:1 Nergalle


Innate Abilities, Weirdness & Mutations

You have sharp toenails.
You are mostly covered in molten scales (AC +3, EV -1).
You regenerate a little health from kills.
When hurt, damage is shared between your health and your magic reserves.
You have a pair of small horns on your head.
Your body sometimes deteriorates upon taking damage.
Your system is resistant to poisons.
You are robust (+10% HP).
Your muscles are strong. (Str +2)
Your spells are a little easier to cast, but a little less powerful.


Message History

Nergalle is dazzled.
Nergalle burns!
Nergalle mutters something.
Nergalle hits you with a dagger of electrocution.
You are electrocuted!
You catch the helpless Nergalle completely off-guard!
You hit Nergalle.
Nergalle is severely wounded.
Nergalle burns!
Nergalle casts a spell at you. The bolt of negative energy hits you!
You feel drained.
* * * LOW HITPOINT WARNING * * *
Drink which item? (? for menu, Esc to quit)
You fade into invisibility!
Nergalle burns!
Nergalle barely misses you.
You are very lightly contaminated with residual magic.
Nergalle burns!
Nergalle hits you with a dagger of electrocution.
* * * LOW HITPOINT WARNING * * *
You are electrocuted!
You die...

#### #### #..# ###..######
#..## #.........## ##..##
#..........## ##..#
##...........## #...##
#.............# ##...#
##.............### ##..##
##.................
##P..#####o@......(.........
#P.....#...#####......#.....
#......<..## ##..#####.##.
##........#.# #### ####.
##........#### ..
####........## #..
#.......>....# #..
............## .
..#..........##


You could see Nergalle (blind).

Vanquished Creatures
  A hill giant (D:11)
  An ugly thing (D:11)
  2 centaur zombies (D:9)
  A centaur skeleton (D:10)
  A tengu conjurer (D:11)
  The ghost of Borgoz the Sneak, an experienced KoAs (Ossuary)
  A trapdoor spider zombie (D:11)
  2 deep elf magi (D:9)
  A shadow (D:11)
  A spriggan (D:7)
  Grum (D:9)
  3 wolves (D:9)
  A vampire mosquito (D:12)
  2 soldier ants
  2 water moccasins
  4 orc warriors
  2 phantoms
  2 sky beasts
  2 ice beasts (D:9)
  A black bear (D:7)
  3 ogres
  A necrophage (D:10)
  5 centaurs
  A crocodile (D:11)
  8 giant frogs
  2 big kobolds
  A gnoll sergeant (D:12)
  4 killer bees (D:7)
  3 scorpions
  2 crimson imps
  2 giant frog zombies
  4 hounds
  6 orc priests
  Ijyb (D:2)
  5 jellies
  10 orc wizards
  A giant frog skeleton (D:8)
  7 worker ants
  3 iguanas
  9 mummies
  3 hound skeletons
  2 worker ant zombies
  10 gnolls
  10 adders
  5 shadow imps
  4 oozes
  6 giant geckos
  48 orcs
  3 giant cockroaches
  17 goblins
  20 hobgoblins
  7 jackals
  16 kobolds
  7 quokkas
  A ball python (D:3)
  5 bats
  6 giant newts
  2 gnoll zombies (Ossuary)
  3 hobgoblin zombies (Ossuary)
  3 kobold zombies
  2 orc zombies
  2 quokka skeletons
  22 rats
  A plant (D:11)
315 creatures vanquished.

Vanquished Creatures (others)
  A plant (D:11)
1 creature vanquished.

Grand Total: 316 creatures vanquished

Notes
Turn   | Place    | Note
--------------------------------------------------------------
     0 | D:1      | Kidiri the Demonspawn Fire Elementalist began the quest for the Orb.
     0 | D:1      | Reached XP level 1. HP: 13/13 MP: 3/3
   461 | D:1      | Gained mutation: You are partially covered in molten scales (AC +1). [demonic ancestry]
   461 | D:1      | Reached XP level 2. HP: 19/19 MP: 3/5
   467 | D:1      | Learned a level 2 spell: Throw Flame
   689 | D:1      | Reached skill level 3 in Fire Magic
   789 | D:1      | Reached XP level 3. HP: 7/24 MP: 0/6
   800 | D:1      | Learned a level 3 spell: Conjure Flame
  1808 | D:2      | Noticed Ijyb
  1821 | D:2      | Killed Ijyb
  1821 | D:2      | Reached XP level 4. HP: 28/30 MP: 0/8
  2132 | D:2      | Learned a level 3 spell: Inner Flame
  2579 | D:3      | Found a burning altar of Makhleb.
  2593 | D:3      | Gained mutation: You regenerate a little health from kills. [demonic ancestry]
  2593 | D:3      | Reached XP level 5. HP: 11/35 MP: 4/9
  2596 | D:3      | Noticed a green death
  2600 | D:3      | Noticed a ynoxinul
  2600 | D:3      | Noticed a ynoxinul
  3083 | D:3      | Noticed an ogre
  3129 | D:3      | Killed an ogre
  3129 | D:3      | Reached skill level 1 in Evocations
  3498 | D:3      | Reached XP level 6. HP: 41/41 MP: 2/11
  4256 | D:3      | Reached skill level 1 in Hexes
  4300 | D:4      | Gained mutation: You have a pair of small horns on your head. [potion of beneficial mutation]
  4601 | D:4      | Reached skill level 1 in Armour
  4601 | D:4      | Reached XP level 7. HP: 29/46 MP: 3/12
  4682 | D:4      | Found a sand-covered staircase.
  4706 | Ossuary  | Entered an ossuary
  4727 | Ossuary  | Learned a level 4 spell: Sticky Flame
  4759 | Ossuary  | Reached skill level 4 in Spellcasting
  4768 | Ossuary  | Noticed Borgoz's ghost (experienced KoAs)
  5085 | Ossuary  | Killed Borgoz's ghost
  5528 | D:4      | Found a staircase to the Ecumenical Temple.
  5654 | Temple   | Entered the Ecumenical Temple
  5709 | Temple   | Became a worshipper of Vehumet
  5874 | D:5      | Entered Level 5 of the Dungeon
  6145 | D:5      | Found an opulent altar of Gozag.
  6146 | D:5      | Found a glowing silver altar of Zin.
  6205 | D:5      | Found Ycisunic's Magic Scroll Shoppe.
  6816 | D:5      | Gained mutation: You are mostly covered in molten scales (AC +3, EV -1). [demonic ancestry]
  6816 | D:5      | Reached XP level 8. HP: 47/52 MP: 5/15
  7071 | D:6      | Found a shattered altar of Ashenzari.
  7231 | D:5      | Upgraded the game from 0.17-a0-1399-gd5b76e1 to 0.17-a0-1403-g9df874c
  7318 | D:6      | Acquired Vehumet's first power
  7318 | D:6      | Offered knowledge of Sandblast by Vehumet.
  7582 | D:6      | Reached skill level 5 in Spellcasting
  8570 | D:7      | Gained mutation: When hurt, damage is shared between your health and your magic reserves. [demonic ancestry]
  8570 | D:7      | Reached XP level 9. HP: 27/57 MP: 1/17
  8577 | D:7      | Learned a level 5 spell: Fireball
  9809 | D:8      | Offered knowledge of Searing Ray by Vehumet.
  9833 | D:8      | Reached skill level 6 in Spellcasting
 10018 | D:8      | Learned a level 2 spell: Searing Ray
 10107 | D:8      | Reached skill level 5 in Fire Magic
 11109 | D:9      | Found a staircase to the Orcish Mines.
 11130 | D:9      | Found a roughly hewn altar of Beogh.
 11296 | D:9      | Found a sparkling altar of Nemelex Xobeh.
 11300 | D:9      | Found a glowing golden altar of the Shining One.
 11456 | D:9      | Offered knowledge of Stone Arrow by Vehumet.
 11490 | D:9      | Found a shimmering altar of Xom.
 11490 | D:9      | Found a stormy altar of Qazlal.
 11693 | D:9      | Noticed a centaur zombie
 11713 | D:9      | Killed a centaur zombie
 11713 | D:9      | Gained mutation: You have sharp toenails. [demonic ancestry]
 11713 | D:9      | Reached XP level 10. HP: 60/63 MP: 12/20
 11776 | D:9      | Acquired Vehumet's second power
 11876 | D:9      | Noticed Grum
 11899 | D:9      | Reached skill level 5 in Armour
 11916 | D:9      | Killed Grum
 12370 | D:10     | Entered Level 10 of the Dungeon
 12430 | D:10     | Reached skill level 5 in Conjurations
 12543 | D:10     | Offered knowledge of Dazzling Spray by Vehumet.
 12543 | D:10     | Reached skill level 5 in Stealth
 12543 | D:10     | Reached skill level 7 in Spellcasting
 12548 | D:10     | Learned a level 3 spell: Dazzling Spray
 12645 | D:10     | Reached skill level 5 in Evocations
 12947 | D:10     | Reached skill level 5 in Dodging
 13386 | D:11     | Noticed a hill giant
 14175 | D:11     | Gained mutation: You are robust (+10% HP). [mutagenic meat]
 14176 | D:11     | Gained mutation: Your spells are a little easier to cast, but a little less powerful. [mutagenic meat]
 14177 | D:11     | Gained mutation: Your body sometimes deteriorates upon taking damage. [mutagenic meat]
 14178 | D:11     | Gained mutation: Your system is resistant to poisons. [mutagenic meat]
 14179 | D:11     | Gained mutation: Your muscles are strong. (Str +2) [mutagenic meat]
 14356 | D:11     | Killed a hill giant
 14496 | D:11     | Found a staircase to the Lair.
 14558 | D:11     | Acquired Vehumet's third power
 14848 | D:11     | Noticed a white ugly thing
 14863 | D:11     | Killed a white ugly thing
 14863 | D:11     | Reached XP level 11. HP: 32/74 MP: 7/22
 15283 | Lair:1   | Entered Level 1 of the Lair of Beasts
 15431 | Lair:1   | Noticed Nergalle
 16262 | Lair:1   | HP: 2/74 [Nergalle/dagger of electrocution (2)]
 16262 | Lair:1   | Demolished by Nergalle

Vault maps used:
D:1:      minmay_arrival_checkered_box
D:2:      first_bread, uniq_iyjb
D:3:      makhleb_altar_promises_db
D:4:      temple_statues, nicolae_ossuary_entry_giza
D:5:      grunt_temple_overflow_gold_and_silver, kennysheep_small_circle
D:6:      old_standard_altar
D:7:      the_bakery, nrook_pool_corridor
D:9:      grunt_temple_overflow_open, minmay_orc_entry_temple_small,
          kennysheep_cross_room, uniq_grum
D:11:     dpeg_oklobed_lair
D:12:     introduction_to_nature_2
Temple:   water_room_temple_b_12
Lair:1:   lemuel_fruit_fields, uniq_nergalle
Ossuary:  ossuary_tomb_3

Action                   |  1- 3 |  4- 6 |  7- 9 | 10-12 || total
-------------------------+-------+-------+-------+-------++-------
Melee: Unarmed           |     8 |       |       |       ||     8
       Dagger            |    46 |   206 |   402 |   144 ||   798
Throw: Throwing net      |     1 |       |       |       ||     1
 Cast: Flame Tongue      |    41 |    47 |   211 |    97 ||   396
       Throw Flame       |     4 |    11 |    50 |    43 ||   108
       Conjure Flame     |     1 |       |    29 |    17 ||    47
       Sticky Flame      |       |       |    14 |    20 ||    34
       Inner Flame       |       |       |    13 |     6 ||    19
       Searing Ray       |       |       |     6 |       ||     6
       Fireball          |       |       |       |     3 ||     3
       Dazzling Spray    |       |       |       |     3 ||     3
Evoke: Wand              |       |       |       |     4 ||     4
  Use: Scroll            |     9 |     9 |    13 |     7 ||    38
       Potion            |       |     1 |    15 |     5 ||    21
 Stab: Sleeping          |     5 |     6 |     8 |     2 ||    21
       Distracted        |       |       |       |     1 ||     1
       Invisible         |       |       |       |     1 ||     1
  Eat: Bread ration      |     1 |       |     1 |     3 ||     5
       Beef jerky        |       |     1 |       |     1 ||     2
       Chunk             |       |     4 |    10 |     8 ||    22
       Meat ration       |       |     1 |     2 |       ||     3
       Pizza             |       |       |     1 |       ||     1
       Royal jelly       |       |       |     1 |       ||     1
